 Dungeon Sprint DCSS version 0.30-a0-613-gdd512c7efb (webtiles) character file.

Game seed: 9521056600385383874

46408 mhtbhm the Wrestler (level 13, 0/152 HPs)
             Began as a Troll Transmuter on Jan 9, 2023.
             Was an Initiate of Gozag.
             Constricted to death by an anaconda (2 damage)
             ... in the Dungeon (Sprint III: "The Ten Rune Challenge").
             The game lasted 00:12:35 (3343 turns).

mhtbhm the Wrestler (Troll Transmuter)              Turns: 3343, Time: 00:12:36

Health: 0/152      AC:  9    Str: 25    XL:     13   Next: 36%
Magic:  26/26      EV: 10    Int: 15    God:    Gozag
Gold:   10325      SH:  5    Dex: 10    Spells: 16/33 levels left

rFire   x . .      SeeInvis +      - Unarmed
rCold   + + +      Faith    .    (shield currently unavailable)
rNeg    . . .      Spirit   .    (body armour currently unavailable)
rPois   +          Reflect  +    (helmet currently unavailable)
rElec   .          Harm     .    (cloak currently unavailable)
rCorr   .          Rampage  .    (gloves unavailable)
Will    .....      NoTele   +    (boots unavailable)
Stlth   ++                       o - amulet of reflection
HPRegen 1.25/turn                i - ring of see invisible
MPRegen 0.20/turn                p - ring "Venas" {Fly Int+6}

@: lethally poisoned (0 -> 0), ice-form, wereblooded, gold aura, flying,
constricted
A: freezing attack, amphibious, boosted hp, large, unfitting armour, (claws 3),
regeneration 1, (shaggy fur 1), (tough skin 1)
}: 1/10 runes: decaying
a: End Transformation, Renounce Religion, Potion Petition, Call Merchant, Bribe
Branch


You were in the Dungeon.
You worshipped Gozag.
Gozag was extremely pleased with you.
You were a creature of crystalline ice.
You visited 1 branch You collected 12853 gold pieces.
You spent 1778 gold pieces at shops.
You paid 750 gold pieces to Gozag.

Inventory:

Missiles
 g - 7 curare-tipped darts (quivered)
Armour
 a - a +2 robe of willpower (melded)
 q - a +2 hat of see invisible (melded)
 y - a +2 cloak
Jewellery
 i - a ring of see invisible (left front paw)
 o - an amulet of reflection (around neck)
 p - the ring "Venas" (right front paw) {Fly Int+6}
   (You bought it in a shop in the Dungeon)

   [ring of intelligence]

   Int:       It affects your intelligence (+6).
   Fly:       It grants you flight.
 u - a ring of magical power
Wands
 j - a wand of polymorph (2)
 t - a wand of digging (5)
Scrolls
 h - 5 scrolls of torment
 v - a scroll of fog {unknown}
 w - a scroll of magic mapping {unknown}
Potions
 b - a potion of lignification
 c - 3 potions of curing
 e - 2 potions of mutation
 f - 2 potions of magic
 k - a potion of resistance
 l - 5 potions of flight
 n - 3 potions of attraction {unknown}
 r - a potion of haste
 x - a potion of brilliance {unknown}
Miscellaneous
 d - a piece from Xom's chessboard (15/15)


   Skills:
 + Level 7.9 Fighting
 + Level 1.1 Throwing
 + Level 10.1 Dodging
 + Level 4.1 Stealth
 + Level 4.1 Shields
 + Level 22.4 Unarmed Combat
 + Level 10.7 Spellcasting
 + Level 11.8 Transmutations
 + Level 6.5 Ice Magic
 + Level 1.6 Poison Magic
 + Level 1.1 Evocations


You had 16 spell levels left.
You knew the following spells:

 Your Spells              Type           Power      Damage    Failure   Level
a - Beastly Appendage     Tmut           86%        N/A       1%          1
b - Wereblood             Tmut           43%        N/A       1%          2
c - Spider Form           Tmut/Pois      28%        N/A       1%          3
d - Ice Form              Ice/Tmut       35%        N/A       1%          4
e - Dragon Form           Tmut           21%        N/A       52%         7

Your spell library contained the following spells:

 Spells                   Type           Power      Damage    Failure   Level
 Ignite Poison            Fire/Tmut/Pois 21%        N/A       4%          3
 Kiss of Death            Conj/Necr      32%        2d7       9%          1
 Necrotise                Necr           32%        1d5       9%          1
 Slow                     Hex            32%        N/A       9%          1
 Confusing Touch          Hex            8%         N/A       26%         3
 Kindle Blastsparks       Fire/Tloc/Air  16%        2d11      26%         3
 Summon Guardian Golem    Hex/Summ       8%         N/A       26%         3
 Vampiric Draining        Necr           8%         2d6       26%         3
 Cause Fear               Hex            4%         N/A       65%         4
 Dispel Undead            Necr           8%         3d8       65%         4
 Freezing Cloud           Conj/Ice/Air   7%         6-21      71%         5
 Agony                    Necr           8%         N/A       94%         5
 Orb of Destruction       Conj           4%         9d5       100%        7
 Spellforged Servitor     Conj/Summ      4%         N/A       100%        7
 Dragon's Call            Summ           4%         N/A       100%        9


Dungeon Overview and Level Annotations

Branches:
Dungeon (1/1)

Altars:
Cheibriados
Dithmenos
Elyvilon
Fedhas
Gozag
Hepliaklqana
Kikubaaqudgha
Makhleb
Nemelex Xobeh
Okawaru
Qazlal
Ru
Sif Muna
Trog
Uskayaw
Vehumet
Wu Jian
Xom
Yredelemnul
Zin
The Shining One
Jiyva
Lugonu

Shops:
D ?=(::*[(![(=?=?


Innate Abilities, Weirdness & Mutations

You are a creature of crystalline ice.
You have a powerful freezing melee attack.
You are amphibious.
Your maximum health is increased.
Your armour is entirely melded.
You are incapable of wielding weapons or throwing items.
You are too large for most types of armour.
((You have claws for hands.))
Your natural rate of healing is unusually fast.
((You are covered in fur. (AC +1)))
((You have tough skin. (AC +1)))


Message History

You feel very sick. The black mamba bites you.
* * * LOW HITPOINT WARNING * * *
The anaconda bites you!
* * * LOW HITPOINT WARNING * * *
The anaconda constricts you.
* * * LOW HITPOINT WARNING * * *
The black mamba closely misses you. The anaconda bites you!
* * * LOW HITPOINT WARNING * * *
The anaconda constricts you.
* * * LOW HITPOINT WARNING * * *
Unknown command.
You feel much better.
You feel very sick. The black mamba barely misses you.
You block the anaconda's attack. The anaconda constricts you.
* * * LOW HITPOINT WARNING * * *
The black mamba bites you but does no damage.
The anaconda bites you!
* * * LOW HITPOINT WARNING * * *
The anaconda constricts you.
* * * LOW HITPOINT WARNING * * *
Unknown command.
As you read the scroll of fear, it crumbles to dust.
You assume a fearsome visage.
The adder looks frightened!
The black mamba looks frightened! x2; The anaconda looks frightened!
You howl as the wereblood boils in your veins!
You feel sick. The anaconda constricts you.
* * * LOW HITPOINT WARNING * * *
Cornered, the adder turns to fight!
Okay, then.
As you read the scroll of fear, it crumbles to dust.
You assume a fearsome visage.
The adder looks frightened!
The water moccasin looks frightened!
You feel sick.
Cornered, the anaconda turns to fight!
The anaconda constricts you.
* * * LOW HITPOINT WARNING * * *
The adder is distracted by your dazzling golden aura.
The anaconda completely misses you. The anaconda constricts you.
You die...
Your body crumbles into a pile of gold.

♣♣♣♣♣♣♣#..♣♣ ♣♣♣##)## ♣
###'♣♣♣♣♣♣♣♣♣♣♣♣♣♣♣♣♣#...'
##♣
♣♣♣♣.##..##~~~~~≈..#))#...#
..♣♣
♣...##.##.#~~~~≈...#§§#...#
##'♣
♣♣.##.##.##'~~~≈≈####°#####
...♣
♣..#.##.).#~~....○☼○.#..).
####♣♣
♣♣.##.##..#≈..'#######..))
...PP♣
♣♣.##.#####...#..(...#....
....P♣
♣.....##SY....#♣♣♣._.#....
#'#### ########'########
####'### #.♣♣ #SS$......
#.... #♣~♣ #S........ #.###
♣.♣♣ ###### ########## #.#$
♣♣~♣ #....# #.# ♣.♣♣ #.~..#
#.# ♣.♣♣ #~...# #.#
♣~.♣♣#~.~## #.# #


You could see an anaconda, a water moccasin (fleeing) and an adder (fleeing).

Vanquished Creatures
  the Lernaean hydra (D)
  Rupert (D)
  Frances (D)
  Gastronok (D)
  Donald (D)
  4 azure jellies (D)
  2 dire elephants (D)
  Azrael (D)
  A yaktaur captain (D)
  Erolcha (D)
  3 hydras (D)
  An anaconda (D)
  4 death yaks (D)
  Urug (D)
  3 orc high priests (D)
  A death drake (D)
  3 swamp dragons (D)
  A spriggan druid (D)
  An obsidian statue (D)
  A lindwurm (D)
  A deep elf pyromancer (D)
  2 orc sorcerers (D)
  2 elephants (D)
  2 black mambas (D)
  2 cane toads (D)
  3 yaktaurs (D)
  A rime drake (D)
  A komodo dragon (D)
  3 wandering mushrooms (D)
  2 tyrant leeches (D)
  8 blink frogs (D)
  A shadow (D)
  2 spriggans (D)
  5 redbacks (D)
  A spatial vortex (D)
  A hydra simulacrum (D)
  3 swamp drakes (D)
  4 orc warriors (D)
  5 two-headed ogres (D)
  A necrophage (D)
  A water elemental (D)
  An electric eel (D)
  4 orc priests (D)
  A jelly (D)
  Jessica (D)
  2 orc wizards (D)
  A wizard (D)
  A necromancer (D)
  A polar bear simulacrum (D)
  2 wolf simulacra (D)
  A kobold demonologist (D)
  3 humans (D)
  A phantom (D)
  7 orcs (D)
  An endoplasm (D)
  2 rats (D)
113 creatures vanquished.

Vanquished Creatures (others)
  15 plants (D)
15 creatures vanquished.

Grand Total: 128 creatures vanquished

Notes
Turn   | Place    | Note
-------+----------+-------------------------------------------
     0 | D        | mhtbhm the Troll Transmuter began the quest for the Orb.
     0 | D        | Reached XP level 1. HP: 18/18 MP: 1/1
    51 | D        | Noticed Jessica
    59 | D        | Killed Jessica
    60 | D        | Reached skill level 5 in Unarmed Combat
    60 | D        | Reached XP level 2. HP: 18/26 MP: 0/4
    60 | D        | Reached XP level 3. HP: 22/32 MP: 0/5
   129 | D        | Learned a level 2 spell: Wereblood
   133 | D        | Learned a level 3 spell: Spider Form
   171 | D        | Noticed a water elemental
   180 | D        | Killed a water elemental
   181 | D        | Reached skill level 1 in Fighting
   181 | D        | Reached skill level 6 in Unarmed Combat
   181 | D        | Reached XP level 4. HP: 41/41 MP: 1/7
   199 | D        | Noticed a shadow
   205 | D        | Killed a shadow
   206 | D        | Reached skill level 1 in Stealth
   206 | D        | Reached skill level 8 in Unarmed Combat
   206 | D        | Reached XP level 5. HP: 44/48 MP: 1/10
   208 | D        | Reached XP level 6. HP: 42/55 MP: 1/11
   212 | D        | Found a blossoming altar of Fedhas.
   212 | D        | Found a stormy altar of Qazlal.
   212 | D        | Found a snail-covered altar of Cheibriados.
   212 | D        | Found a burning altar of Makhleb.
   212 | D        | Found a shimmering altar of Xom.
   213 | D        | Found a hazy altar of Hepliaklqana.
   213 | D        | Found an opulent altar of Gozag.
   213 | D        | Found a sparkling altar of Nemelex Xobeh.
   213 | D        | Found a corrupted altar of Lugonu.
   213 | D        | Found a viscous altar of Jiyva.
   213 | D        | Noticed a spatial vortex
   219 | D        | Killed a spatial vortex
   220 | D        | Reached skill level 9 in Unarmed Combat
   223 | D        | Became a worshipper of Gozag Ym Sagoz the Greedy
   332 | D        | Learned a level 4 spell: Ice Form
   335 | D        | Found a radiant altar of Vehumet.
   335 | D        | Found a shimmering blue altar of Sif Muna.
   335 | D        | Found an ancient bone altar of Kikubaaqudgha.
   352 | D        | Found a glowing silver altar of Zin.
   353 | D        | Found a glowing golden altar of the Shining One.
   353 | D        | Found a white marble altar of Elyvilon.
   353 | D        | Noticed a deep elf pyromancer
   363 | D        | Killed a deep elf pyromancer
   364 | D        | Reached skill level 10 in Unarmed Combat
   364 | D        | Reached skill level 5 in Spellcasting
   364 | D        | Reached skill level 5 in Transmutations
   364 | D        | Reached XP level 7. HP: 27/66 MP: 7/14
   443 | D        | Found a basalt altar of Yredelemnul.
   443 | D        | Found a shadowy altar of Dithmenos.
   443 | D        | Found a sacrificial altar of Ru.
   452 | D        | Reached skill level 11 in Unarmed Combat
   455 | D        | Found a hide-covered altar of Uskayaw.
   455 | D        | Found an iron altar of Okawaru.
   457 | D        | Found a bloodstained altar of Trog.
   457 | D        | Found an ornate altar of the Wu Jian Council.
   457 | D        | Noticed a human
   457 | D        | Noticed a human
   461 | D        | Killed a human
   462 | D        | Reached skill level 5 in Dodging
   462 | D        | Reached XP level 8. HP: 60/74 MP: 8/15
   522 | D        | Learned a level 7 spell: Dragon Form
   534 | D        | Reached skill level 1 in Poison Magic
   550 | D        | Noticed a two-headed ogre
   554 | D        | Killed a two-headed ogre
   555 | D        | Reached skill level 12 in Unarmed Combat
   616 | D        | Noticed a two-headed ogre
   616 | D        | Noticed Erolcha
   626 | D        | Killed Erolcha
   627 | D        | Reached skill level 13 in Unarmed Combat
   627 | D        | Reached skill level 1 in Ice Magic
   627 | D        | Reached XP level 9. HP: 42/83 MP: 9/18
   631 | D        | Killed a two-headed ogre
   707 | D        | Noticed a wandering mushroom
   713 | D        | Noticed a wandering mushroom
   715 | D        | Noticed a wandering mushroom
   717 | D        | Killed a wandering mushroom
   731 | D        | Reached skill level 14 in Unarmed Combat
   737 | D        | Noticed a cane toad
   737 | D        | Noticed a komodo dragon
   737 | D        | Noticed a cane toad
   743 | D        | Killed a cane toad
   745 | D        | Killed a komodo dragon
   746 | D        | Reached XP level 10. HP: 68/92 MP: 15/20
   747 | D        | Killed a cane toad
   760 | D        | Reached skill level 15 in Unarmed Combat
   940 | D        | Found Huliang's Book Shop.
   941 | D        | Noticed an orc high priest
   942 | D        | Noticed an orc sorcerer
   942 | D        | Noticed an orc sorcerer
   943 | D        | Noticed a sun demon
   953 | D        | Killed an orc high priest
   962 | D        | Killed an orc sorcerer
   975 | D        | Reached skill level 16 in Unarmed Combat
   988 | D        | Killed an orc sorcerer
   989 | D        | Reached skill level 1 in Evocations
  1152 | D        | Noticed Donald
  1152 | D        | Noticed Frances
  1159 | D        | Killed Donald
  1160 | D        | Reached skill level 5 in Fighting
  1160 | D        | Reached XP level 11. HP: 84/102 MP: 16/22
  1160 | D        | Killed Frances
  1161 | D        | Reached skill level 17 in Unarmed Combat
  1225 | D        | Noticed a sixfirhy
  1361 | D        | Noticed an obsidian statue
  1372 | D        | Killed an obsidian statue
  1385 | D        | Found Kyutuif's Distillery.
  1385 | D        | Found Lethosirai's Antique Weapon Shop.
  1385 | D        | Found Muampemp's Antique Weapon Boutique.
  1385 | D        | Found Ovyzuh's Magic Scroll Shoppe.
  1385 | D        | Found Haxouv's Armour Emporium.
  1385 | D        | Found Rifres's Antique Armour Shoppe.
  1385 | D        | Found Poiwav's Jewellery Shop.
  1385 | D        | Found Idya's Assorted Antiques.
  1385 | D        | Found Nabigoh's Magic Scroll Emporium.
  1385 | D        | Found Penuafo's Book Emporium.
  1385 | D        | Found Ynubuil's Jewellery Boutique.
  1426 | D        | Bought a runed iron wand for 80 gold pieces
  1429 | D        | Bought a potion of heal wounds for 70 gold pieces
  1429 | D        | Bought a potion of heal wounds for 70 gold pieces
  1432 | D        | Bought an amulet of reflection for 300 gold pieces
  1445 | D        | Bought the ring "Venas" {Fly Int+6} for 586 gold pieces
  1496 | D        | Noticed a yaktaur captain
  1722 | D        | Killed a yaktaur captain
  1723 | D        | Reached skill level 18 in Unarmed Combat
  1919 | D        | Noticed Azrael
  1924 | D        | Killed Azrael
  1954 | D        | Acquired 387 gold pieces
  2224 | D        | Noticed a dire elephant
  2224 | D        | Noticed a dire elephant
  2224 | D        | Noticed Gastronok
  2234 | D        | Killed a dire elephant
  2241 | D        | Killed a dire elephant
  2242 | D        | Reached skill level 19 in Unarmed Combat
  2242 | D        | Reached skill level 10 in Transmutations
  2242 | D        | Reached skill level 5 in Ice Magic
  2251 | D        | Killed Gastronok
  2252 | D        | Reached XP level 12. HP: 83/114 MP: 20/24
  2318 | D        | Noticed an azure jelly
  2318 | D        | Noticed an azure jelly
  2318 | D        | Noticed an azure jelly
  2319 | D        | Noticed an azure jelly
  2324 | D        | Noticed Rupert
  2334 | D        | Killed Rupert
  2345 | D        | Noticed a death yak
  2346 | D        | Noticed a death yak
  2349 | D        | Noticed a death yak
  2350 | D        | Noticed a death yak
  2351 | D        | Killed a death yak
  2352 | D        | Reached skill level 20 in Unarmed Combat
  2357 | D        | Killed a death yak
  2361 | D        | Killed a death yak
  2366 | D        | Killed a death yak
  2370 | D        | Reached skill level 1 in Shields
  2387 | D        | Reached skill level 1 in Throwing
  2479 | D        | Found Boidgh's Magic Scroll Shoppe.
  2479 | D        | Found Qochiol's Jewellery Boutique.
  2479 | D        | Found Minamna's Antique Weapon Emporium.
  2494 | D        | Reached skill level 21 in Unarmed Combat
  2494 | D        | Reached skill level 10 in Spellcasting
  2519 | D        | Bought a scroll of acquirement for 624 gold pieces
  2521 | D        | Acquired 976 gold pieces
  2527 | D        | Bought a scroll of fear for 48 gold pieces
  2725 | D        | Noticed a four-headed hydra
  2725 | D        | Noticed the 27-headed Lernaean hydra
  2737 | D        | Killed the 27-headed Lernaean hydra
  2744 | D        | Killed a four-headed hydra
  2758 | D        | Got a decaying rune of Zot
  2857 | D        | Killed an azure jelly
  2861 | D        | Killed an azure jelly
  2862 | D        | Reached XP level 13. HP: 104/124 MP: 21/26
  2868 | D        | Killed an azure jelly
  2871 | D        | Killed an azure jelly
  2956 | D        | Noticed Urug
  2963 | D        | Killed Urug
  2992 | D        | Reached skill level 22 in Unarmed Combat
  3181 | D        | Reached skill level 10 in Dodging
  3214 | D        | Found a blossoming altar of Fedhas.
  3256 | D        | Identified the +11 arbalest "Koddir" {heavy, rPois rF+
                  | Str+3}
  3340 | D        | HP: 7/152 [anaconda (10)]
  3343 | D        | HP: 2/152 [constriction (4)]
  3343 | D        | Constricted to death by an anaconda

Illustrated notes

Levels and vault maps discovered:
D:        dungeon_sprint_mu [sprint_mu_entry_cave, sprint_mu_temple_rooms,
          sprint_mu_d1_spiders, sprint_mu_d2_genie, sprint_mu_d3_branching,
          sprint_mu_orc_legion, sprint_mu_elf_gauntlet, sprint_mu_hive_nellie,
          sprint_mu_lair_fedhas, sprint_mu_vaults_butterflies,
          sprint_mu_slime_circle, sprint_mu_swamp_cave, sprint_mu_snake_twists,
          sprint_mu_blade_basic, sprint_mu_crypt_chambers,
          sprint_mu_tomb_spiral, sprint_mu_vestibule_basic,
          sprint_mu_gehenna_hellfire, sprint_mu_dis_giant,
          sprint_mu_tartarus_statrot, sprint_mu_cocytus_islands, sprint_mu_zot1]

Skill      XL: |  1  2  3  4  5  6  7  8  9 10 11 12 13 |
---------------+----------------------------------------+-----
Dodging        | 2 3 4 5 6 7 8 9 10 | 10.1
Unarmed Combat | 5 6 8 10 11 13 14 16 19 21 22 | 22.4
Spellcasting   | 2 3 4 5 6 7 8 9 10 | 10.7
Transmutations | 2 4 5 6 7 8 10 11 | 11.8
Fighting       | 1 2 3 5 6 7 |  7.9
Stealth        | 1 2 3 4 |  4.1
Poison Magic   | 1 |  1.6
Ice Magic      | 1 2 3 5 6 |  6.5
Evocations     | 1 |  1.1
Shields        | 2 4 |  4.1
Throwing       | 1 |  1.1

Action                   |  1- 3 |  4- 6 |  7- 9 | 10-12 | 13-15 || total
-------------------------+-------+-------+-------+-------+-------++-------
Melee: Unarmed           |    20 |    18 |    66 |   225 |    62 ||   391
       Headbutt          |     6 |     2 |       |       |       ||     8
       Kick              |     5 |     4 |       |       |       ||     9
Throw: Dart              |       |       |       |     2 |       ||     2
 Cast: Beastly Appendage |     6 |     1 |       |     2 |       ||     9
       Wereblood         |     2 |     1 |     5 |    15 |     4 ||    27
       Spider Form       |       |     2 |     2 |       |       ||     4
       Ice Form          |       |       |     3 |    20 |     4 ||    27
Invok: Potion Petition   |       |       |       |     1 |       ||     1
Evoke: Piece from Xom's  |       |       |     1 |     1 |       ||     2
  Use: Potion            |     2 |       |       |     3 |     2 ||     7
       Scroll            |     1 |       |       |     5 |     2 ||     8
 Stab: Sleeping          |     1 |     2 |       |       |     3 ||     6
       Distracted        |       |       |       |     1 |       ||     1
Armor: Robe              |     1 |     2 |       |     1 |       ||     4
       Skin              |       |       |     6 |    40 |    18 ||    64
Dodge: Dodged            |     4 |     3 |    28 |    91 |    34 ||   160
Block: Other             |       |       |       |    15 |    19 ||    34
       Reflection        |       |       |       |     1 |       ||     1

Table legend: (Time is in decaauts)
 A = Elapsed time spent in this place.
 B = Non-inter-level travel time spent in this place.
 C = Inter-level travel time spent in this place.
 D = Time resting spent in this place.
 E = Time spent auto-exploring this place.
 F = Levels seen in this place.
 G = Mean time per level.
                   A        B        C        D        E       F      G
               +--------+--------+--------+--------+--------+-----+--------+
         Total |   3218 |   3218 |      0 |   1502 |     13 |   1 | 3218.0 |
       Dungeon |   3218 |   3218 |      0 |   1502 |     13 |   1 | 3218.0 |
               +--------+--------+--------+--------+--------+-----+--------+

Top non-repeatable levels by time:
       D: 3218 daAuts
